 Dungeon Crawl Stone Soup version 0.26.1-2-gb8aa6d0cf2 (console) character file.

Game seed: 16314216340507415333

11330 om the Severer (level 11, -11/87 (88) HPs)
             Began as a Minotaur Berserker on Feb 10, 2021.
             Was a High Priest of Trog.
             Mangled by Snorg (14 damage)
             ... on level 10 of the Dungeon.
             The game lasted 00:21:16 (11345 turns).

om the Severer (Minotaur Berserker)                Turns: 11345, Time: 00:21:17

HP:   -11/87 (88)   AC: 17    Str: 22    XL:     11   Next: 47%
MP:   10/10         EV: 11    Int:  4    God:    Trog [*****.]
Gold: 420           SH:  0    Dex: 13    Spells: 10/10 levels left

rFire    . . .     SeeInvis +   J - +5 executioner's axe (flame)
rCold    . . .     Faith    .   (shield currently unavailable)
rNeg     + . .     Spirit   .   l - +0 plate armour
rPois    .         Reflect  .   (helmet restricted)
rElec    .         Harm     .   (no cloak)
rCorr    .         Rampage  +   (no gloves)
Will     .....                  G - +2 pair of boots {rampage}
Stlth    ..........             o - amulet of the acrobat
HPRegen  0.24/turn              w - ring of see invisible
MPRegen  0.12/turn              y - ring of positive energy

@: berserk cooldown, hasted and slowed, lightly drained
A: retaliatory headbutt, horns 2
a: Renounce Religion, Berserk, Trog's Hand, Brothers in Arms


You were on level 10 of the Dungeon.
You worshipped Trog.
Trog was extremely pleased with you.
You visited 1 branch of the dungeon, and saw 10 of its levels.
You also visited: Ossuary.

You collected 644 gold pieces.
You spent 224 gold pieces at shops.

Inventory:

Hand Weapons
 a - a +1 hand axe
 g - a +1 short sword of distortion
 p - a +0 war axe
 J - a +5 executioner's axe of flaming (weapon)
Armour
 i - a +0 chain mail
 l - a +0 plate armour (worn)
 G - a +2 pair of boots of rampaging (worn)
Jewellery
 e - an uncursed amulet of regeneration
 o - an amulet of the acrobat (around neck)
 w - a ring of see invisible (left hand)
 y - a ring of positive energy (right hand)
 B - an uncursed amulet of magic regeneration {unknown}
 C - an uncursed ring of ice
Wands
 r - a wand of polymorph (12)
 v - a wand of acid (4)
 D - a wand of enslavement (8)
 E - a wand of digging (3)
 F - a wand of flame (17)
 H - a wand of iceblast (12)
Scrolls
 b - 6 scrolls of teleportation
 c - 4 scrolls of remove curse
 h - 4 scrolls of fog {unknown}
 n - 2 scrolls of noise
 t - 3 scrolls of enchant armour
 u - 4 scrolls of fear
 x - 5 scrolls of magic mapping
 A - 2 scrolls of random uselessness {unknown}
 I - a scroll of brand weapon {unknown}
 L - a scroll of enchant weapon
Potions
 d - 4 potions of curing
 f - a potion of berserk rage
 j - 2 potions of cancellation
 k - 2 potions of lignification
 m - 4 potions of ambrosia
 q - 2 potions of flight
 s - 2 potions of brilliance
 K - a potion of invisibility {unknown}


   Skills:
 + Level 5.5 Fighting
 + Level 16.2 Axes
 + Level 8.9 Armour
 + Level 8.8 Dodging
 + Level 2.6 Evocations


You had 10 spell levels left.
You didn't know any spells.
Your spell library was empty.

Dungeon Overview and Level Annotations

Branches:
Dungeon (10/15)            Temple (0/1) D:7            Lair (0/6) D:8
    Orc (0/2) D:9         Ossuary (visited)

Altars:
Ashenzari
Cheibriados
Fedhas
Vehumet
Wu Jian
Yredelemnul

Shops:
D:5 ?

Annotations:
D:10 3 runed translucent doors, Snorg


Innate Abilities, Weirdness & Mutations

You reflexively headbutt those who attack you in melee.
You have a pair of horns on your head.


Message History

* * * LOW HITPOINT WARNING * * *
Snorg barely misses you. x2; Snorg claws you but does no damage.
Snorg closely misses you. x2
Snorg claws you but does no damage. Snorg claws you!
* * * LOW HITPOINT WARNING * * *
Okay, then.
Aiming: Polymorph
Press: ? - help, Shift-Dir - straight line, f - Snorg
Aim: Snorg (severely wounded, berserk, will become a jumping spider, an eye of draining, or a komodo dragon, chance to affect: 21%)
Okay, then.
Aiming: Enslavement
Press: ? - help, Shift-Dir - straight line, f - Snorg
Aim: Snorg (severely wounded, berserk, chance to affect: 21%)
Okay, then.
Okay, then.
You feel yourself speed up. Snorg bites you.
* * * LOW HITPOINT WARNING * * *
Snorg barely misses you. Snorg claws you but does no damage. Snorg bites you!
* * * LOW HITPOINT WARNING * * *
Snorg claws you!
You die...

.............#
.......).....#
.......).....#
............)T).#
.......########.# # .)#§
#.....'......#.##.#.#§##
.....#......#.#.#...#.#
#...#......#.#...#...#
#...#......'.#.#u.!#.#
#...#......#.#Guuu!..#
#...'.@....#.###+++###
#...#..T...#.#.......#
#...#......#.........##
#...########..........#
###..............######
#..............#
#####..............#
#..................#
#......####........#
#...#### #........#
#...# #........#


You could see Snorg (berserk).

Vanquished Creatures
  A two-headed ogre (D:8)
  2 unseen horrors
  An ugly thing (D:10)
  Joseph (D:8)
  A gargoyle (D:10)
  Maggie (D:8)
  4 slime creatures (D:9)
  A hornet (D:8)
  3 wraiths
  A yak (D:8)
  Grum (D:8)
  A steam dragon (D:10)
  2 vampire mosquitoes (D:9)
  3 wargs (D:9)
  Duvessa (D:7)
  4 sky beasts
  2 ice beasts
  2 black bears
  4 orc warriors
  4 centaurs
  7 ogres
  3 phantoms
  4 wolves
  A big kobold (D:4)
  5 bullfrogs
  A water moccasin zombie (D:9)
  A wyvern skeleton (D:7)
  4 scorpions
  Dowan (D:7)
  3 killer bees (D:7)
  24 wights
  5 hounds
  A centaur zombie (D:8)
  5 orc priests
  A gnoll shaman (D:10)
  A jelly (D:9)
  8 orc wizards
  3 bullfrog skeletons
  A centaur skeleton (D:9)
  3 iguanas
  8 worker ants
  A killer bee zombie (D:9)
  3 hound skeletons
  2 worker ant zombies
  15 gnolls
  10 adders
  4 white imps
  A worker ant simulacrum (D:9)
  An ufetubus (D:7)
  An ooze (D:2)
  3 adder zombies (Ossuary)
  2 adder skeletons (D:6)
  5 worms
  A dart slug (D:3)
  5 leopard geckos
  30 orcs
  9 bats
  3 giant cockroaches
  8 goblins
  7 hobgoblins
  27 jackals
  5 quokkas
  A ball python (D:6)
  A frilled lizard (D:3)
  2 hobgoblin skeletons (Ossuary)
  A hobgoblin zombie (Ossuary)
  A jackal skeleton (D:4)
  10 kobolds
  An orc skeleton (Ossuary)
  An orc zombie (Ossuary)
  8 rats
299 creatures vanquished.

Vanquished Creatures (others)
  A jackal (D:4)
  8 fungi
  10 plants
  3 toadstools (D:6)
22 creatures vanquished.

Grand Total: 321 creatures vanquished

Notes
Turn   | Place    | Note
-------+----------+-------------------------------------------
     0 | D:1      | om the Minotaur Berserker began the quest for the Orb.
     0 | D:1      | Reached XP level 1. HP: 19/19 MP: 0/0
   623 | D:1      | Reached XP level 2. HP: 25/27 MP: 1/1
  1351 | D:2      | Reached skill level 4 in Axes
  1365 | D:2      | Reached XP level 3. HP: 29/33 MP: 2/2
  1858 | D:3      | Reached ** piety under Trog
  1945 | D:3      | Found a blossoming altar of Fedhas.
  1994 | D:3      | Reached XP level 4. HP: 40/40 MP: 3/3
  2001 | D:3      | Found a basalt altar of Yredelemnul.
  2014 | D:3      | Found an ornate altar of the Wu Jian Council.
  2041 | D:3      | Noticed a bullfrog
  2049 | D:3      | Killed a bullfrog
  2050 | D:3      | Reached XP level 5. HP: 46/46 MP: 4/4
  2355 | D:3      | Reached skill level 5 in Axes
  2601 | D:4      | Found a radiant altar of Vehumet.
  2830 | D:4      | Reached XP level 6. HP: 52/52 MP: 5/5
  3058 | D:4      | Reached skill level 5 in Armour
  3062 | D:4      | Reached *** piety under Trog
  3457 | D:5      | Entered Level 5 of the Dungeon
  3472 | D:5      | Noticed an ice beast
  3479 | D:5      | Killed an ice beast
  3480 | D:5      | Reached skill level 6 in Axes
  3480 | D:5      | Reached skill level 5 in Dodging
  3480 | D:5      | Reached XP level 7. HP: 59/59 MP: 6/6
  3820 | D:5      | Reached skill level 7 in Axes
  3915 | D:5      | Found Muog's Magic Scroll Emporium.
  3924 | D:5      | Bought a scroll of identify for 22 gold pieces
  3924 | D:5      | Bought a scroll of identify for 22 gold pieces
  3924 | D:5      | Bought a scroll of fear for 38 gold pieces
  3924 | D:5      | Bought a scroll of magic mapping for 38 gold pieces
  3924 | D:5      | Bought a scroll of identify for 22 gold pieces
  3924 | D:5      | Bought a scroll of enchant armour for 82 gold pieces
  3951 | D:5      | Reached XP level 8. HP: 41/66 MP: 7/7
  4300 | D:5      | Found a snail-covered altar of Cheibriados.
  5027 | D:6      | Reached **** piety under Trog
  5307 | D:6      | Reached skill level 8 in Axes
  6057 | D:7      | Found a broken altar of Ashenzari.
  6152 | D:7      | Noticed Dowan
  6153 | D:7      | Noticed Duvessa
  6160 | D:7      | Killed Dowan
  6166 | D:7      | Killed Duvessa
  6167 | D:7      | Reached skill level 9 in Axes
  6208 | D:7      | Reached XP level 9. HP: 56/71 MP: 8/8
  6403 | D:7      | Reached skill level 10 in Axes
  6490 | D:7      | Reached ***** piety under Trog
  6506 | D:7      | Found a staircase to the Ecumenical Temple.
  6969 | D:8      | Reached skill level 11 in Axes
  7119 | D:8      | Noticed Joseph
  7121 | D:8      | Found a sand-covered staircase.
  7131 | D:8      | Killed Joseph
  7132 | D:8      | Reached skill level 12 in Axes
  7136 | Ossuary  | Entered an ossuary
  7704 | D:8      | Reached XP level 10. HP: 74/78 MP: 9/9
  7708 | D:8      | Reached skill level 13 in Axes
  7778 | D:8      | Noticed Grum
  8063 | D:8      | Killed Grum
  8128 | D:8      | Found a staircase to the Lair.
  8233 | D:8      | Noticed a two-headed ogre
  8240 | D:8      | Killed a two-headed ogre
  8241 | D:8      | Reached skill level 14 in Axes
  8787 | D:8      | Paralysed by a hornet for 3 turns
  8795 | D:8      | Paralysed by a hornet for 1 turns
  9497 | D:8      | Noticed Maggie
  9508 | D:8      | Killed Maggie
  9509 | D:8      | Reached skill level 15 in Axes
  9710 | D:9      | Found a staircase to the Orcish Mines.
 10186 | D:9      | Reached skill level 16 in Axes
 10191 | D:9      | Received a gift from Trog
 10192 | D:9      | Reached XP level 11. HP: 84/84 MP: 10/10
 10518 | D:9      | Reached skill level 1 in Evocations
 10586 | D:9      | Noticed an unseen horror
 10588 | D:9      | Killed an unseen horror
 10760 | D:10     | Entered Level 10 of the Dungeon
 10781 | D:10     | Reached skill level 5 in Fighting
 10946 | D:10     | Noticed an unseen horror
 10954 | D:10     | Killed an unseen horror
 10959 | D:10     | Noticed a red ugly thing
 10964 | D:10     | Killed a red ugly thing
 11014 | D:10     | Found a runed translucent gate.
 11014 | D:10     | Found a runed translucent gate.
 11014 | D:10     | Found a runed translucent gate.
 11015 | D:10     | Noticed a glowing orange brain
 11016 | D:10     | Noticed a cyan ugly thing
 11017 | D:10     | Noticed a cyan ugly thing
 11019 | D:10     | Noticed a green ugly thing
 11020 | D:10     | Noticed a purple ugly thing
 11048 | D:10     | Noticed Snorg
 11345 | D:10     | HP: 3/87 [Snorg (10)]
 11345 | D:10     | Mangled by Snorg

Illustrated notes

Levels and vault maps discovered:
D:1:      heliophobic_arrival_henge, layout_basic, amcnicky_mini_pool_small,
          serial_park_tiny_pond, minmay_pentomino_t2
D:2:      lemuel_upstairs_altar, layout_loops_ring
D:3:      layout_basic, chequers_temple_overflow_statue_of_worship,
          fedhas_altar_4
D:4:      layout_loops_ring, fiery_altar_vehumet,
          minmay_misc_feat_secret_circle, grunt_decor_clamped,
          lexackson_kobold_supper
D:5:      layout_basic, serial_shops, shop, chei_slow_surprise
D:6:      layout_loops_ring, chequers_serial_rivers_room_a,
          hangedman_decor_peaks_small, minmay_gold_behind_fungi,
          small_statue_alley_b
D:7:      layout_cave_pods, lemuel_doored_altar, minmay_temple_entry_ruins,
          uniq_duvessa
D:8:      layout_layer_cave, grunt_lair_entry_orc_guard_hut,
          nicolae_ossuary_entry_monument, st_stairs_14, uniq_joseph, uniq_grum,
          uniq_maggie
D:9:      layout_roguey, minmay_orc_entry_guard_dogs, minmay_misc_feat_alley,
          nrook_mini_backslash, minivault_28
D:10:     layout_irregular_city, ploomutoo_gammafunk_ghost_potion_laboratory,
          uniq_snorg

Skill      XL: |  1  2  3  4  5  6  7  8  9 10 11 |
---------------+----------------------------------+-----
Fighting       | 4 5 |  5.5
Axes           | 4 5 6 7 9 12 16 | 16.2
Armour         | 3 4 5 6 8 |  8.9
Dodging        | 3 4 5 6 7 8 |  8.8
Evocations     | 2 |  2.6

Action                   |  1- 3 |  4- 6 |  7- 9 | 10-12 || total
-------------------------+-------+-------+-------+-------++-------
Melee: Hand axe          |    78 |    31 |       |       ||   109
       Headbutt          |    13 |    15 |    68 |    54 ||   150
       War axe           |       |    54 |   331 |   194 ||   579
       Executioner's axe |       |       |       |    87 ||    87
Invok: Berserk           |     1 |     3 |     8 |     9 ||    21
  Use: Scroll            |     2 |     2 |     8 |     5 ||    17
       Potion            |       |       |       |     2 ||     2
Armor: Animal skin       |    14 |       |       |       ||    14
       Plate armour      |    19 |    48 |   192 |   143 ||   402
Dodge: Dodged            |    76 |    46 |   216 |   207 ||   545
